AoeStats
← Buhr

Black Forest

510838630Analyzed
4v4 RM · 12h ago on Oct 2, 2026· 72m 40s· 8 players
Game mode
Random Map
Map size
Large (8 player)
Population
200
Speed
Normal
Resources
Standard
Victory
Conquest
Starting age
Dark Age
Ending age
Imperial Age
RankedLock teamsTeams togetherTeam positionsShared explorationLock speedFull tech treeHidden civsTurbo modeCheats
Victory
Defeat
🇮🇹 Saracens · Italy
1544
+14
🇧🇷 Burgundians · Brazil
1528
+15
🇮🇹 Britons · Italy
1525
+15
🇮🇹 Italians · Italy
1466
+17
🇳🇱 Turks · Netherlands
1541
-18
🇺🇸 Persians · United States
1500
-15
🇹🇼 Danes · Taiwan
1499
-15
🇺🇸 Portuguese · United States
1453
-13
katzzlikemeowmix
10:39 Feudal Age
11:36 Double-Bit Axe
14:40 Castle Age
14:29 Gold Mining
14:22 Horse Collar
16:13 Bow Saw
19:13 Fishing Lines
22:17 Heavy Plow
22:55 Wheelbarrow
24:17 Gold Shaft Mining
23:42 Gillnets
24:39 Hand Cart
26:00 Scale Barding Armor
25:48 Stone Mining
26:33 Forging
28:55 Imperial Age
27:11 Stone Shaft Mining
27:23 Loom
28:08 Chain Barding Armor
28:23 Iron Casting
28:18 Bloodlines
28:32 Husbandry
28:28 Fletching
28:46 Town Watch
29:05 Cavalier
30:21 Plate Barding Armor
29:42 Bodkin Arrow
30:50 Chemistry
30:26 Conscription
31:39 Two-Man Saw
32:08 Blast Furnace
31:11 Savar
33:40 Masonry
33:51 Ballistics
36:05 Light Cavalry
37:00 Caravan
39:44 Coinage
39:25 Guilds
40:15 Citadels
40:38 Architecture
45:29 Murder Holes
47:28 Elite Skirmisher
48:13 Thumb Ring
51:49 Padded Archer Armor
54:04 Banking
59:53 Hoardings
61:27 Leather Archer Armor
62:33 Ring Archer Armor
Buhr
0:54 Loom
10:08 Feudal Age
11:04 Double-Bit Axe
12:19 Fletching
20:25 Padded Archer Armor
25:54 Castle Age
24:05 Horse Collar
25:58 Stone Mining
26:00 Gold Mining
26:58 Bodkin Arrow
44:40 Imperial Age
49:14 Bow Saw
51:01 Chemistry
52:01 Two-Man Saw
54:13 Wheelbarrow
54:22 Siege Engineers
54:29 Arquebus
55:16 Coinage
56:31 Banking
56:56 Elite Organ Gun
Salicum
4:10 Loom
10:57 Feudal Age
14:54 Castle Age
13:39 Double-Bit Axe
13:54 Fishing Lines
15:59 Bow Saw
18:40 Horse Collar
22:18 Wheelbarrow
21:59 Stone Mining
24:47 Heavy Plow
24:38 Gold Mining
27:59 Imperial Age
26:05 Hand Cart
25:47 Fletching
26:30 Padded Archer Armor
26:46 Bodkin Arrow
27:45 Leather Archer Armor
27:55 Sipahi
28:16 Husbandry
28:13 Town Watch
29:11 Ballistics
28:52 Bracer
29:29 Ring Archer Armor
29:43 Conscription
29:46 Bloodlines
30:24 Parthian Tactics
30:22 Thumb Ring
30:32 Masonry
31:48 Two-Man Saw
31:30 Guilds
32:13 Architecture
33:34 Heavy Cavalry Archer
37:24 Scale Barding Armor
37:30 Forging
38:53 Chain Barding Armor
40:09 Plate Barding Armor
40:10 Iron Casting
40:52 Siphons
41:27 Hoardings
42:52 Artillery
45:20 Heavy Scorpion
50:46 Hoardings
53:54 Blast Furnace
騷護士
1:09 Loom
11:35 Feudal Age
12:36 Double-Bit Axe
13:50 Wheelbarrow
18:09 Fishing Lines
22:02 Castle Age
20:17 Stone Mining
24:02 Hand Cart
24:03 Scale Mail Armor
24:01 Fletching
25:00 Chain Mail Armor
24:44 Gillnets
26:15 Squires
26:01 Gambesons
26:01 Arson
35:54 Imperial Age
37:21 Plate Mail Armor
37:18 Conscription
37:42 Horse Collar
39:46 Onager
41:11 Siege Onager
41:21 Siege Onager
41:41 Northmen's Fury
45:32 Siege Engineers
47:33 Bow Saw
47:35 Elite Jomsviking
48:55 Hoardings
51:24 Caravan
51:05 Crossbowman
51:50 Thumb Ring
51:57 Elite Skirmisher
52:32 Fletching
52:42 Padded Archer Armor
53:32 Bodkin Arrow
54:04 Murder Holes
54:33 Ballistics
55:14 Chemistry
55:25 Bracer
65:14 Elite Varangian Guard
Julio2
12:35 Feudal Age
12:24 Double-Bit Axe
14:00 Wheelbarrow
13:55 Bow Saw
16:39 Castle Age
21:14 Two-Man Saw
21:06 Fishing Lines
23:25 Gillnets
24:48 Hand Cart
24:26 Gold Mining
29:04 Imperial Age
27:51 Gold Shaft Mining
26:59 Horse Collar
27:11 Stone Mining
28:24 Padded Archer Armor
28:35 Forging
28:30 Scale Barding Armor
28:51 Cavalier
29:31 Husbandry
30:49 Chemistry
30:07 Leather Archer Armor
29:35 Treadmill Crane
30:16 Ballistics
30:10 Masonry
30:39 Iron Casting
31:57 Paladin
32:58 Chain Barding Armor
33:04 Conscription
34:03 Blast Furnace
33:05 Fletching
37:16 Plate Barding Armor
70:19 Bodkin Arrow
70:24 Scale Mail Armor
OS | Gr0uch0_
9:37 Feudal Age
10:39 Double-Bit Axe
15:30 Scale Barding Armor
18:13 Horse Collar
21:46 Castle Age
20:07 Gold Mining
21:54 Bloodlines
22:54 Chain Barding Armor
29:51 Forging
30:54 Fishing Lines
34:13 Wheelbarrow
33:38 Heavy Plow
33:53 Bow Saw
35:49 Gold Shaft Mining
37:14 Hand Cart
38:20 Loom
43:02 Imperial Age
42:58 Scale Mail Armor
43:33 Iron Casting
42:20 Man-at-Arms
42:46 Gambesons
43:02 Squires
42:47 Arson
42:56 Stone Mining
43:59 Chain Mail Armor
43:06 Long Swordsman
44:54 Husbandry
45:58 Blast Furnace
46:19 Chemistry
45:25 Siege Engineers
45:55 Two-Handed Swordsman
47:06 Plate Mail Armor
48:04 Two-Man Saw
46:46 Champion
47:58 Caravan
53:36 Conscription
54:59 Coinage
54:17 Town Watch
59:02 Banking
59:14 Pikeman
59:20 Heavy Camel Rider
60:37 Plate Barding Armor
Evol_
8:42 Feudal Age
9:11 Loom
17:21 Fletching
20:30 Scale Barding Armor
20:58 Padded Archer Armor
23:29 Castle Age
21:47 Double-Bit Axe
22:52 Gold Mining
23:29 Horse Collar
24:30 Bow Saw
23:42 Crossbowman
24:25 Bodkin Arrow
24:56 Padded Archer Armor
26:29 Ballistics
40:29 Imperial Age
38:39 Wheelbarrow
39:49 Leather Archer Armor
39:24 Town Watch
40:48 Arbalester
42:31 Bracer
43:10 Yeomen
44:15 Chemistry
47:43 Hand Cart
47:39 Caravan
48:17 Coinage
47:58 Guilds
48:55 Heavy Plow
49:44 Banking
51:55 Capped Ram
56:42 Heavy Mounted Crossbowman
61:35 Conscription
62:52 Town Patrol
64:08 Elite Longbowman
72:44 Warwolf
Zoccolo Fitusu
0:58 Loom
11:01 Feudal Age
11:24 Fishing Lines
11:34 Double-Bit Axe
19:03 Castle Age
19:52 Caravan
20:58 Bow Saw
23:11 Wheelbarrow
22:40 Gillnets
28:28 Imperial Age
25:53 Fletching
27:07 Bodkin Arrow
27:12 Padded Archer Armor
27:53 Hand Cart
28:17 Silk Road
28:00 Gold Mining
28:02 Stone Mining
29:02 Leather Archer Armor
29:14 Bracer
30:14 Ballistics
30:56 Chemistry
30:40 Conscription
33:21 Elite Genoese Crossbowman
34:44 Ring Archer Armor
38:51 Masonry
39:40 Fortified Wall
40:20 Scale Mail Armor
40:30 Forging
40:26 Scale Barding Armor
44:15 Capped Ram
48:51 Pirotechnia
50:40 Chain Barding Armor
50:35 Chain Mail Armor
50:55 Iron Casting
50:08 Town Watch
51:00 Hoardings
51:00 Coinage
59:04 Architecture
Connection lost

Rejoining the realm…

Still unreachable

The connection could not be restored.

Session expired

The server has moved on; the page needs a fresh start.